 Dungeon Crawl Stone Soup version 0.30-a0-339-g89bb51ec76 (webtiles) character file.

Game seed: 12094711312746303000

75 PimpSugar the Magician (level 4, 0/32 HPs)
             Began as a Demonspawn Hedge Wizard on Nov 1, 2022.
             Was an Initiate of Vehumet.
             Succumbed to a scorpion's poison
             ... on level 4 of the Dungeon.
             The game lasted 00:11:44 (1990 turns).

PimpSugar the Magician (Demonspawn Hedge Wizard)    Turns: 1990, Time: 00:11:44

Health: 0/32       AC:  6    Str: 10    XL:     4   Next: 11%
Magic:  5/9        EV: 11    Int: 18    God:    Vehumet [......]
Gold:   91         SH:  0    Dex: 12    Spells: 5/9 levels left

rFire   . . .      SeeInvis .    A - staff of conjuration
rCold   . . .      Faith    .    o - orb {light}
rNeg    . . .      Spirit   .    i - +0 leather armour
rPois   .          Reflect  .    c - +0 hat
rElec   .          Harm     .    (no cloak)
rCorr   .          Rampage  .    e - +0 pair of gloves
Will    .....                    x - +0 pair of boots
Stlth   +.........               (no amulet)
HPRegen 0.25/turn                (no ring)
MPRegen 0.22/turn                (no ring)

@: lethally poisoned (0 -> -10), attractive, glowing
A: rugged brown scales 1, magic regeneration, weakness stinger 1
a: Renounce Religion


You were on level 4 of the Dungeon.
You worshipped Vehumet.
Vehumet was noncommittal.
You visited 1 branch of the dungeon, and saw 4 of its levels.

You collected 91 gold pieces.

Inventory:

Hand Weapons
 a - a +0 dagger
 g - a +0 sling
 n - a +2 dagger of distortion
Missiles
 p - 2 atropa-tipped darts
 r - 5 poisoned darts
 u - 4 stones
 v - 2 boomerangs
Armour
 b - a +0 robe
 c - a +0 hat (worn)
 e - a +0 pair of gloves (worn)
 i - a +0 leather armour (worn)
 o - an orb of light (worn)
 x - a +0 pair of boots (worn)
Magical Staves
 y - a staff of cold
 A - a staff of conjuration (weapon)
Scrolls
 f - a scroll of amnesia {unknown}
 h - a scroll of fog {unknown}
 j - 3 scrolls of teleportation
 l - a scroll of fear {unknown}
 m - a scroll of magic mapping
 q - a scroll of blinking {unknown}
 t - a scroll of immolation {unknown}
 w - a scroll of enchant armour {unknown}
Potions
 d - a potion of magic
 s - a potion of haste {unknown}


   Skills:
 + Level 1.0 Fighting
 + Level 0.0 Staves
 + Level 2.0 Dodging
 + Level 2.2 Stealth
 * Level 3.4 Spellcasting
 * Level 1.7 Conjurations
 + Level 1.5 Summonings
 + Level 1.4 Translocations
 + Level 0.0 Ice Magic
 + Level 0.2 Evocations


You had 5 spell levels left.
You knew the following spells:

 Your Spells              Type           Power      Damage    Failure   Level
a - Magic Dart            Conj           56%        1d5       11%         1
b - Call Imp              Summ           8%         N/A       17%         2
c - Freeze                Ice            12%        1d3       22%         1

Your spell library contained the following spells:

 Spells                   Type           Power      Damage    Failure   Level
 Blink                    Tloc           16%        N/A       17%         2
 Slow                     Hex            12%        N/A       22%         1
 Cigotuvi's Dreadful Rot  Necr/Pois/Air  6%         N/A       32%         2
 Hailstorm                Conj/Ice       9%         3d4       41%         3
 Mephitic Cloud           Conj/Pois/Air  7%         N/A       45%         3
 Frozen Ramparts          Ice            6%         1d1       54%         3


Dungeon Overview and Level Annotations

Branches:
Dungeon (4/15)
 Temple: D:4-7

Altars:
Vehumet


Innate Abilities, Weirdness & Mutations

You are partially covered in rugged brown scales. (AC +1, +3% HP)
You regenerate magic rapidly.
You have a small tail.


Message History

Casting: Call Imp (safe; 17% risk of failure)
Confirm with . or Enter, or press ? or * to list all spells.
Aiming: Magic Dart (safe; 11% risk of failure)
Press: ? - help, Shift-Dir - straight line, f - scorpion
Aim: a scorpion (almost dead, ally target, haloed, 100% to hit)
You feel a surge of power!
The magic dart hits the scorpion.
The scorpion is almost dead.
The scorpion stings you.
* * * LOW HITPOINT WARNING * * *
Casting: Magic Dart (safe; 11% risk of failure)
Confirm with . or Enter, or press ? or * to list all spells.
Aiming: Magic Dart (safe; 11% risk of failure)
Press: ? - help, Shift-Dir - straight line, f/p - scorpion
Aim: a scorpion (almost dead, ally target, haloed, 100% to hit)
You feel a surge of power!
The magic dart hits the scorpion but does no damage.
The scorpion is almost dead.
The scorpion misses you.
Your crimson imp hits the scorpion but does no damage.
Casting: Magic Dart (safe; 11% risk of failure)
Confirm with . or Enter, or press ? or * to list all spells.
Aiming: Magic Dart (safe; 11% risk of failure)
Press: ? - help, Shift-Dir - straight line, f/p - scorpion
Aim: a scorpion (almost dead, ally target, haloed, 100% to hit)
You feel a surge of power!
The magic dart hits the scorpion but does no damage.
The scorpion is almost dead.
The scorpion stings you but does no damage.
Your crimson imp blinks!
The scorpion stings you but does no damage.
You hit the scorpion but do no damage.
You tail-slap the scorpion, but do no damage.
The scorpion is almost dead.
The scorpion stings you.
* * * LOW HITPOINT WARNING * * *
You are lethally poisoned!
The scorpion poisons you!
It was a potion of attraction.
You feel attractive to monsters.
You die...

#...# +...+ #...# #...# ###
#...# #.# #...# ### #.#
+...+ <. #.#######..@###
.#####.....5....s..##
.#......#########...#
.#.####### ##......#
.)........ ..###...
#..####### ### ## #.## ..#
.##########################.


You could see a scorpion (ally target) and a friendly crimson imp (summoned).

Vanquished Creatures
  An adder (D:2)
  A worm (D:2)
  A dart slug (D:1)
  An orc (D:3)
  5 bats
  5 endoplasms
  2 giant cockroaches (D:1)
  4 goblins
  3 hobgoblins
  4 jackals
  3 kobolds (D:1)
  3 quokkas
  2 ball pythons (D:2)
  4 frilled lizards
  2 rats (D:2)
41 creatures vanquished.

Vanquished Creatures (collateral kills)
  An orc (D:4)
  A ball python (D:2)
  4 hobgoblins
  2 jackals (D:2)
  A frilled lizard (D:2)
  A rat (D:3)
10 creatures vanquished.

Grand Total: 51 creatures vanquished

Notes
Turn   | Place    | Note
-------+----------+-------------------------------------------
     0 | D:1      | PimpSugar the Demonspawn Hedge Wizard began the quest for
                  | the Orb.
     0 | D:1      | Reached XP level 1. HP: 13/13 MP: 4/4
   193 | D:1      | Reached skill level 1 in Translocations
   275 | D:1      | Gained mutation: You are partially covered in rugged brown
                  | scales. (AC +1, +3% HP) [demonic ancestry]
   275 | D:1      | Reached XP level 2. HP: 13/19 MP: 4/6
   352 | D:1      | Learned a level 2 spell: Call Imp
   857 | D:2      | Gained mutation: You regenerate magic rapidly. [demonic
                  | ancestry]
   857 | D:2      | Reached XP level 3. HP: 24/25 MP: 3/7
  1207 | D:2      | Reached skill level 1 in Fighting
  1689 | D:3      | Learned a level 1 spell: Freeze
  1752 | D:3      | Gained mutation: You have a small tail. [demonic ancestry]
  1752 | D:3      | Reached XP level 4. HP: 31/32 MP: 3/9
  1767 | D:3      | Found a radiant altar of Vehumet.
  1775 | D:3      | Became a worshipper of Vehumet
  1827 | D:3      | You fall into a shaft and drop 1 floor!
  1902 | D:4      | Noticed a scorpion
  1990 | D:4      | Succumbed to a scorpion's poison

Illustrated notes

Levels and vault maps discovered:
D:1:      psy_arrival_statuary, layout_basic, minmay_unequal
D:2:      layout_rooms
D:3:      layout_loops_ring, mainiacjoe_overflow_surrounded_room,
          mainiacjoe_overflow_alcove_1, nicolae_figureground_pulse, uniq_robin
D:4:      layout_rooms, zin_purify, minmay_temple_entry_butterflies,
          minmay_snake_closets

Skill      XL: |  1  2  3 |
---------------+----------+-----
Translocations | 1 |  1.4
Stealth        | 2 |  2.2
Dodging        | 2 |  2.0
Fighting       | 1 |  1.0
Spellcasting   | |  3.4
Conjurations   | |  1.7
Summonings     | |  1.5
Evocations     | |  0.2

Action                   |  1- 3 |  4- 6 || total
-------------------------+-------+-------++-------
Melee: Dagger            |     6 |       ||     6
       Staff             |     3 |    15 ||    18
       Tailslap          |       |     2 ||     2
 Fire: Sling             |    64 |       ||    64
 Cast: Magic Dart        |    42 |    20 ||    62
       Call Imp          |     3 |     5 ||     8
       Freeze            |     2 |       ||     2
  Use: Scroll            |     2 |     1 ||     3
       Potion            |       |     3 ||     3
Armor: Leather armour    |    20 |    13 ||    33
       Robe              |     1 |       ||     1
Dodge: Dodged            |    35 |    18 ||    53

Table legend: (Time is in decaauts)
 A = Elapsed time spent in this place.
 B = Non-inter-level travel time spent in this place.
 C = Inter-level travel time spent in this place.
 D = Time resting spent in this place.
 E = Time spent auto-exploring this place.
 F = Levels seen in this place.
 G = Mean time per level.
                   A        B        C        D        E       F      G
               +--------+--------+--------+--------+--------+-----+--------+
         Total |   2020 |   1883 |    137 |     92 |   1080 |   4 |  505.0 |
       Dungeon |   2020 |   1883 |    137 |     92 |   1080 |   4 |  505.0 |
               +--------+--------+--------+--------+--------+-----+--------+

Top non-repeatable levels by time:
     D:1: 858 daAuts
     D:2: 682 daAuts
     D:3: 313 daAuts
     D:4: 164 daAuts
